 Dungeon Crawl Stone Soup version 0.21.1-1-g345015f (webtiles) character file.

11582 troglodite the Fighter (level 11, -1/95 HPs)
             Began as a Demonspawn Berserker on June 6, 2018.
             Was a High Priest of Trog.
             Slain by an orc warlord
             ... wielding a +2 war axe of chopping
              (9 damage)
             ... on level 1 of the Orcish Mines.
             The game lasted 00:32:55 (12370 turns).

troglodite the Fighter (Demonspawn Berserker)      Turns: 12370, Time: 00:32:57

Health: -1/95      AC: 17    Str: 18    XL:     11   Next: 51%
Magic:  11/11      EV: 13    Int:  9    God:    Trog [*****.]
Gold:   1099       SH:  5    Dex: 15    Spells: 10/10 levels left

rFire    + . .     SeeInvis .   j - +1 long sword (flame)
rCold    . . .     Gourm    .   E - +0 buckler
rNeg     . . .     Faith    .   z - +2 scale mail {rF+}
rPois    .         Spirit   .   (helmet unavailable)
rElec    .         Reflect  .   s - +1 cloak
rCorr    .         Harm     .   o - +0 pair of gloves
MR       .....                  (no boots)
Stlth    +.........             w - amulet of magic regeneration
HPRegen  0.25/turn              (no ring)
MPRegen  0.37/turn              (no ring)

@: berserk cooldown, hasted and slowed
A: horns 3, rugged brown scales 3, demonic guardian 1
a: Berserk, Trog's Hand, Brothers in Arms, Burn Spellbooks, Renounce Religion


You were on level 1 of the Orcish Mines.
You worshipped Trog.
Trog was extremely pleased with you.
You were very hungry.

You visited 2 branches of the dungeon, and saw 13 of its levels.

You collected 1099 gold pieces.

Inventory:

Hand Weapons
 a - a +1 falchion
 j - a +1 long sword of flaming (weapon)
 x - the +1 hand axe of Wu Jian's Hope {venom, Str+2}
   (You found it on level 5 of the Dungeon)

   It poisons the flesh of those it strikes.
   It affects your strength (+2).
Armour
 o - a +0 pair of gloves (worn)
 s - a +1 cloak (worn)
 z - a +2 scale mail of fire resistance (worn)
 E - a +0 buckler (worn)
Jewellery
 w - an amulet of magic regeneration (around neck)
Wands
 d - a wand of random effects (43)
 l - a wand of disintegration (16)
 n - a wand of flame (25)
 u - a wand of iceblast (10)
 D - a wand of polymorph (12)
Scrolls
 b - 3 scrolls of identify
 f - 3 scrolls of remove curse
 i - 3 scrolls of magic mapping
 p - a scroll of enchant weapon
 y - a scroll of fog
Potions
 g - a potion of flight {unknown}
 h - a potion of curing
 m - a potion of mutation
 r - a potion of agility
 t - a potion of might
 A - 4 potions of berserk rage
 B - a potion of invisibility
Comestibles
 c - 14 rations


   Skills:
 * Level 9.1 Fighting
 + Level 6.5 Long Blades
 + Level 7.5 Axes
 * Level 8.9 Armour
 * Level 6.5 Dodging
 + Level 1.8 Stealth
 * Level 3.5 Shields


You had 10 spell levels left.
You didn't know any spells.

Dungeon Overview and Level Annotations

Branches:
Dungeon (11/15)            Temple (0/1) D:5            Lair (0/6) D:9
    Orc (2/2) D:10
    Elf: Orc:2

Altars:
Cheibriados
Okawaru
Uskayaw
Vehumet
Yredelemnul
The Shining One

Shops:
D:9 %


Innate Abilities, Weirdness & Mutations

You have a pair of large horns on your head.
You are completely covered in rugged brown scales. (AC +3, +7% HP)
A weak demonic guardian rushes to your aid.


Message History

Your ufetubus hits the orc warlord but does no damage.
Your ufetubus closely misses the orc warrior.
Your ufetubus hits the orc warrior but does no damage.
Your ufetubus hits the orc warrior.
Your ufetubus hits the orc warrior but does no damage.
Your ufetubus closely misses the orc warrior.
Your ufetubus hits the orc warrior.
Your ufetubus hits the orc warrior but does no damage.
Your ufetubus hits the orc warrior.
The orc warlord hits you with a war axe of chopping!
* * * LOW HITPOINT WARNING * * *
x2 Unknown command.
You feel yourself speed up. Something closely misses your ufetubus.
Your ufetubus hits the orc warrior but does no damage.
Your ufetubus barely misses the orc warrior.
The orc warrior hits your ufetubus with a flail!!
Your ufetubus dies!
You block the orc warrior's attack.
The orc warlord hits you with a war axe of chopping!
You die...

##.###........########.##
######## ##......###.##.#...#
##.#.## ####......#......#.##
#.....####.....##...........##
##....#.#....................#
###.#....................#.##
#...........o.####.....#...#
###...#...>...5o## ###..##...#
..#...#........#@## ######.##
...#...........o..# ### ###
..................# ##.#
.#.....#..........# #...
.................## ##..
.#.............#.## ##.
##....#...........#### #.
##................#.## ### #.
##.##.................###[##
#.


You could see an orc warlord, 2 orc warriors and a friendly white imp.

Vanquished Creatures
  Josephine (Orc:1)
  A two-headed ogre (D:8)
  An unseen horror (D:9)
  2 trolls (Orc:1)
  The ghost of Unprinted the Carver, an amateur MiMo (D:5)
  Prince Ribbit (D:6)
  2 hippogriffs
  Sigmund (D:4)
  A vampire (D:10)
  5 wraiths (Orc:1)
  10 yaks (D:10)
  A steam dragon (D:9)
  Edmund (D:4)
  Duvessa (D:7)
  2 soldier ants (D:8)
  7 orc warriors
  The ghost of Rhok the Ruffian, an amateur OgTm (D:4)
  3 sky beasts
  3 ice beasts
  4 ogres
  A phantom (D:5)
  A necrophage (D:6)
  4 centaurs
  A big kobold (D:9)
  2 bullfrogs
  A gnoll sergeant (D:8)
  Dowan (D:7)
  4 scorpions
  5 wights (D:10)
  An electric eel (D:10)
  3 crimson imps
  3 howler monkeys
  A bullfrog zombie (D:7)
  9 hounds
  2 jellies
  9 orc priests
  A gnoll shaman (D:6)
  A centaur skeleton (D:4)
  A bullfrog skeleton (D:10)
  10 orc wizards
  3 iguanas
  7 worker ants
  A hound zombie (D:6)
  Robin (D:4)
  8 adders
  11 gnolls
  A howler monkey skeleton (D:4)
  3 shadow imps
  An ooze (D:1)
  An adder skeleton (D:9)
  3 worms
  3 dart slugs
  4 leopard geckos
  32 orcs
  2 ball pythons
  10 bats
  4 giant cockroaches
  13 goblins
  6 hobgoblins
  17 jackals
  A quokka (D:3)
  5 frilled lizards
  A goblin zombie (D:2)
  2 jackal zombies (D:2)
  10 kobolds
  10 rats
270 creatures vanquished.

Vanquished Creatures (collateral kills)
  Urug (Orc:1)
  A hungry ghost (D:10)
  An ice beast (D:7)
  3 orc warriors
  A phantom (D:3)
  A bullfrog zombie (D:9)
  2 orc priests
  An orc wizard (Orc:2)
  A worker ant (D:5)
  A hound skeleton (D:5)
  A gnoll (D:8)
  3 orcs
17 creatures vanquished.

Grand Total: 287 creatures vanquished

Notes
Turn   | Place    | Note
-------+----------+-------------------------------------------
     0 | D:1      | troglodite the Demonspawn Berserker began the quest for the Orb.
     0 | D:1      | Reached XP level 1. HP: 18/18 MP: 1/1
   239 | D:1      | Gained mutation: You have a pair of small horns on your head. [demonic ancestry]
   239 | D:1      | Reached XP level 2. HP: 24/24 MP: 2/2
   337 | D:1      | Reached ** piety under Trog
   451 | D:1      | Gained mutation: A weak demonic guardian rushes to your aid. [demonic ancestry]
   451 | D:1      | Reached XP level 3. HP: 23/29 MP: 3/3
   707 | D:2      | Found a runed door.
   707 | D:2      | Noticed a human
   711 | D:2      | Found a basalt altar of Yredelemnul.
   772 | D:2      | Found a radiant altar of Vehumet.
  1312 | D:2      | Gained mutation: You are partially covered in rugged brown scales. (AC +1, +3% HP) [demonic ancestry]
  1312 | D:2      | Reached XP level 4. HP: 28/38 MP: 4/4
  1433 | D:2      | Found a faded altar of an unknown god.
  1870 | D:3      | Noticed a phantom
  1923 | D:3      | Killed a phantom
  1923 | D:3      | Reached skill level 4 in Fighting
  1923 | D:3      | Reached XP level 5. HP: 35/43 MP: 5/5
  2040 | D:3      | Reached *** piety under Trog
  2464 | D:4      | Noticed Rhok's ghost (amateur OgTm)
  2844 | D:4      | Noticed Edmund
  2861 | D:4      | Killed Edmund
  2861 | D:4      | Reached XP level 6. HP: 49/49 MP: 6/6
  3280 | D:4      | Noticed Sigmund
  3287 | D:4      | Killed Sigmund
  3287 | D:4      | Gained mutation: You have a pair of horns on your head. [demonic ancestry]
  3287 | D:4      | Reached XP level 7. HP: 56/56 MP: 7/7
  3359 | D:4      | Noticed Robin
  3363 | D:4      | Reached skill level 5 in Long Blades
  3372 | D:4      | Killed Robin
  3390 | D:4      | Killed Rhok's ghost
  3706 | D:4      | Reached **** piety under Trog
  3874 | D:5      | Entered Level 5 of the Dungeon
  3939 | D:5      | Found a staircase to the Ecumenical Temple.
  4105 | D:5      | Noticed Unprinted's ghost (amateur MiMo)
  4111 | D:5      | Killed Unprinted's ghost
  4111 | D:5      | Reached skill level 5 in Armour
  4111 | D:5      | Reached XP level 8. HP: 62/62 MP: 8/8
  4220 | D:5      | Got a twisted hand axe
  4221 | D:5      | Identified the cursed +1 hand axe of Wu Jian's Hope {venom, Str+2} (You found it on level 5 of the Dungeon)
  4423 | D:5      | Reached skill level 5 in Fighting
  4573 | D:6      | Noticed Prince Ribbit
  4580 | D:6      | Killed Prince Ribbit
  4736 | D:6      | Reached skill level 1 in Axes
  4989 | D:6      | Found a hide-covered altar of Uskayaw.
  5264 | D:6      | Gained mutation: You are mostly covered in rugged brown scales. (AC +2, +5% HP) [demonic ancestry]
  5264 | D:6      | Reached XP level 9. HP: 58/72 MP: 9/9
  5829 | D:7      | Reached skill level 6 in Fighting
  5829 | D:7      | Reached skill level 5 in Dodging
  6384 | D:7      | Noticed Dowan
  6388 | D:7      | Noticed Duvessa
  6396 | D:7      | Killed Duvessa
  6396 | D:7      | Reached ***** piety under Trog
  6397 | D:7      | Killed Dowan
  6894 | D:8      | Reached skill level 7 in Fighting
  7424 | D:8      | Found a snail-covered altar of Cheibriados.
  7528 | D:8      | Noticed a two-headed ogre
  7539 | D:8      | Killed a two-headed ogre
  7539 | D:8      | Reached skill level 5 in Axes
  7539 | D:8      | Reached skill level 1 in Shields
  7539 | D:8      | Gained mutation: You have a pair of large horns on your head. [demonic ancestry]
  7539 | D:8      | Reached XP level 10. HP: 82/82 MP: 10/10
  8697 | D:9      | Killed an unseen horror
  8697 | D:9      | Reached skill level 1 in Stealth
  8706 | D:9      | Found Vadimp's Food Emporium.
  8827 | D:9      | Found a staircase to the Lair.
  8839 | D:9      | Found a glowing golden altar of the Shining One.
  9408 | D:10     | Entered Level 10 of the Dungeon
  9659 | D:10     | Reached skill level 8 in Fighting
  9668 | D:10     | Received a gift from Trog
 10198 | D:10     | Found Inehijumn's Food Emporium.
 10395 | D:10     | Gained mutation: You are completely covered in rugged brown scales. (AC +3, +7% HP) [demonic ancestry]
 10395 | D:10     | Reached XP level 11. HP: 77/93 MP: 11/11
 10898 | D:10     | Found a staircase to the Orcish Mines.
 11165 | Orc:1    | Entered Level 1 of the Orcish Mines
 11241 | Orc:1    | Noticed Urug
 11254 | Orc:1    | Killed Urug
 11263 | Orc:1    | Noticed Josephine
 12027 | Orc:1    | Killed Josephine
 12027 | Orc:1    | Reached skill level 9 in Fighting
 12158 | Orc:1    | Found an iron altar of Okawaru.
 12345 | Orc:2    | Entered Level 2 of the Orcish Mines
 12345 | Orc:2    | Noticed an orc warlord
 12363 | Orc:1    | HP: 3/95 [orc warlord/war axe of chopping (4)]
 12370 | Orc:1    | Slain by an orc warlord

Skill      XL: |  1  2  3  4  5  6  7  8  9 10 11 |
---------------+----------------------------------+-----
Long Blades    | 3 4 5 6 |  6.5
Armour         | 2 3 4 5 6 7 8 |  8.9
Dodging        | 2 3 4 5 6 |  6.5
Fighting       | 4 5 7 8 9 |  9.1
Axes           | 2 5 6 7 |  7.5
Shields        | 1 2 3 |  3.5
Stealth        | 1 |  1.8

Action                   |  1- 3 |  4- 6 |  7- 9 | 10-12 || total
-------------------------+-------+-------+-------+-------++-------
Melee: Falchion          |    97 |   114 |   100 |       ||   311
       Headbutt          |    16 |    29 |    89 |   101 ||   235
       Hand axe          |       |       |   266 |   339 ||   605
       Long sword        |       |       |       |    56 ||    56
Invok: Berserk           |     2 |     3 |     7 |     4 ||    16
       Burn Spellbooks   |       |       |     1 |     1 ||     2
       Trog's Hand       |       |       |     1 |       ||     1
       Brothers in Arms  |       |       |       |     2 ||     2
  Use: Scroll            |       |       |    11 |    11 ||    22
       Potion            |       |       |     1 |     3 ||     4
 Stab: Distracted        |       |       |     1 |     2 ||     3
  Eat: Chunk             |     3 |     5 |    18 |    14 ||    40
       Ration            |       |     1 |     1 |     2 ||     4
Armor: Animal skin       |    17 |       |       |       ||    17
       Chain mail        |     3 |    76 |   214 |   172 ||   465
       Scale mail        |       |       |       |    21 ||    21
Dodge: Dodged            |    88 |    47 |   183 |   177 ||   495
Block: Buckler           |       |       |       |    84 ||    84
       Rpst.: Falchion   |    28 |    16 |    21 |       ||    65
       Long sword        |       |       |       |    15 ||    15
